 Dungeon Crawl Stone Soup version 0.28-a0-1567-g1695149f81 (webtiles) character file.

Game seed: 17762608370774537026

796 voltaire321 the Magician (level 7, -3/40 HPs)
             Began as a Deep Elf Earth Elementalist on Jan 19, 2022.
             Slain by a sky beast (4 damage)
             ... on level 5 of the Dungeon.
             The game lasted 00:13:54 (4304 turns).

voltaire321 the Magician (DEEE)                     Turns: 4304, Time: 00:13:55

Health: -3/40      AC:  7    Str:  5    XL:     7   Next: 58%
Magic:  0/17       EV: 13    Int: 22    God:
Gold:   206        SH:  4    Dex: 15    Spells: 11/17 levels left

rFire   . . .      SeeInvis .   g - +2 dagger (freeze)
rCold   . . .      Faith    .   i - +0 buckler
rNeg    . . .      Spirit   .   k - +2 animal skin
rPois   .          Reflect  .   l - +1 helmet
rElec   .          Harm     .   (no cloak)
rCorr   .          Rampage  .   (no gloves)
Will    .....                   j - +0 pair of boots
Stlth   ++........              (no amulet)
HPRegen 0.13/turn               (no ring)
MPRegen 0.15/turn               (no ring)

@: no status effects
A: no striking features
a: no special abilities


You were on level 5 of the Dungeon.
You visited 1 branch of the dungeon, and saw 5 of its levels.

You collected 206 gold pieces.

Inventory:

Hand Weapons
 g - a +2 dagger of freezing (weapon)
Missiles
 c - 101 stones
 p - 2 throwing nets
Armour
 i - a +0 buckler (worn)
 j - a +0 pair of boots (worn)
 k - a +2 animal skin (worn)
 l - a +1 helmet (worn)
Jewellery
 d - a +6 ring of strength
Scrolls
 a - a scroll of fear {unknown}
 e - 3 scrolls of identify {unknown}
 m - 2 scrolls of teleportation {unknown}
 n - a scroll of fog {unknown}
Potions
 b - a potion of resistance {unknown}
 f - a potion of curing {unknown}
 h - a potion of brilliance
 o - 2 potions of degeneration {unknown}


   Skills:
 + Level 2.7 Fighting
 + Level 5.0 Dodging
 - Level 2.4 Stealth
 + Level 2.3 Shields
 + Level 5.5 Spellcasting
 + Level 2.9 Conjurations
 - Level 1.1 Transmutations
 + Level 5.2 Earth Magic


You had 11 spell levels left.
You knew the following spells:

 Your Spells              Type           Power      Damage    Failure   Level
a - Sandblast             Erth           56%        2d13      1%          1
b - Passwall              Tmut/Erth      15%        N/A       5%          2
c - Stone Arrow           Conj/Erth      48%        3d10      7%          3

Your spell library contained the following spells:

 Spells                   Type           Power      Damage    Failure   Level
 Petrify                  Tmut/Erth      19%        N/A       34%         4


Dungeon Overview and Level Annotations

Branches:
Dungeon (5/15)             Temple (0/1) D:4

Altars:
Cheibriados
Nemelex Xobeh

Annotations:
D:5 Sigmund


Message History

You closely miss the scorpion.
The scorpion is severely wounded.
The quokka bites you. You block the scorpion's attack.
The adder skeleton closely misses you. The phantom closely misses you.
The scorpion closely misses you.
The quokka bites you but does no damage.
You closely miss the scorpion.
The scorpion is severely wounded.
The adder skeleton bites you but does no damage.
The phantom hits you.
* * * LOW HITPOINT WARNING * * *
The quokka barely misses you. The scorpion stings you.
* * * LOW HITPOINT WARNING * * *
Casting: Sandblast (safe; 1% risk of failure)
Confirm with . or Enter, or press ? or * to list all spells.
Aiming: Sandblast (safe; 1% risk of failure)
Press: ? - help, Shift-Dir - straight line, f/p - scorpion
Aim: a scorpion (severely wounded, 81% to hit)
The blast of sand hits the scorpion.
The scorpion is almost dead.
The adder skeleton closely misses you. You block the phantom's attack.
The quokka closely misses you. The scorpion stings you.
* * * LOW HITPOINT WARNING * * *
You hit the scorpion but do no damage.
The scorpion is almost dead.
The quokka misses you. The scorpion closely misses you.
You block the phantom's attack.
You closely miss the scorpion.
The scorpion is almost dead.
You block the quokka's attack. The scorpion barely misses you.
The phantom hits you but does no damage.
Something hits you but does no damage.
You hit the scorpion but do no damage.
The scorpion is almost dead.
The quokka closely misses you. The scorpion stings you!
* * * LOW HITPOINT WARNING * * *
The phantom barely misses you.
The quokka bites you but does no damage.
The scorpion closely misses you. Something hits you.
You die...

#.# #....##.# #......
#.# #.#####.###...#.♣
#.# #.# ...#...#.. #.#
#.###.# #.#)Y.##. #<#
#.....# #......## #.#
#Y###.###.$Z..... #.#
#.# #....5.......
#.######.########.......
#.....s@r5Z.....).......
########W##########.....
#.# ..... #.# .#.#. #..
..... ### # ##


You could see a phantom, an ice beast, a scorpion, an ufetubus, a quokka and an
adder skeleton.

Vanquished Creatures
  2 centaurs (D:5)
  A water moccasin zombie (D:4)
  A water moccasin skeleton (D:4)
  A howler monkey (D:5)
  A jelly (D:5)
  An orc priest (D:4)
  2 hounds
  Terence (D:3)
  Natasha (thrice) (D:3)
  A scorpion zombie (D:4)
  Robin (D:3)
  7 gnolls
  6 adders
  3 adder zombies (D:4)
  3 worms (D:4)
  8 orcs
  3 endoplasms
  9 giant cockroaches
  15 goblins
  11 hobgoblins
  4 jackals
  4 quokkas
  6 ball pythons
  5 bats
  4 frilled lizards
  5 kobolds
  7 rats
115 creatures vanquished.

Vanquished Creatures (others)
  A fungus (D:3)
  7 plants (D:3)
  3 withered plants (D:4)
11 creatures vanquished.

Grand Total: 126 creatures vanquished

Notes
Turn   | Place    | Note
-------+----------+-------------------------------------------
     0 | D:1      | voltaire321 the Deep Elf Earth Elementalist began the quest
                  | for the Orb.
     0 | D:1      | Reached XP level 1. HP: 10/10 MP: 6/6
   234 | D:1      | Reached XP level 2. HP: 16/16 MP: 5/8
   987 | D:2      | Reached XP level 3. HP: 20/20 MP: 10/10
  1117 | D:2      | Reached skill level 1 in Fighting
  1526 | D:2      | Reached XP level 4. HP: 25/25 MP: 5/11
  1940 | D:3      | Noticed Robin
  1949 | D:3      | Killed Robin
  2081 | D:3      | Learned a level 2 spell: Passwall
  2085 | D:3      | Learned a level 3 spell: Stone Arrow
  2100 | D:3      | Noticed Natasha
  2106 | D:3      | Killed Natasha
  2220 | D:3      | Reached XP level 5. HP: 29/29 MP: 13/13
  2226 | D:3      | Reached skill level 1 in Shields
  2258 | D:3      | Noticed Natasha
  2276 | D:3      | Killed Natasha
  2347 | D:3      | Found a sparkling altar of Nemelex Xobeh.
  2372 | D:3      | Noticed Terence
  2447 | D:4      | Reached skill level 1 in Conjurations
  2601 | D:4      | Reached XP level 6. HP: 35/35 MP: 11/14
  3016 | D:3      | Noticed Natasha
  3019 | D:3      | Killed Natasha
  3254 | D:3      | Found a faded altar of an unknown god.
  3388 | D:3      | Killed Terence
  3668 | D:4      | Found a snail-covered altar of Cheibriados.
  3701 | D:4      | Reached skill level 5 in Spellcasting
  3713 | D:4      | Reached XP level 7. HP: 20/40 MP: 9/16
  3974 | D:4      | Found a staircase to the Ecumenical Temple.
  4220 | D:5      | Entered Level 5 of the Dungeon
  4252 | D:5      | Noticed Sigmund
  4269 | D:5      | Reached skill level 5 in Earth Magic
  4288 | D:5      | Reached skill level 5 in Dodging
  4304 | D:5      | HP: 1/40 [scorpion (7)]
  4304 | D:5      | Slain by a sky beast

Illustrated notes

Levels and vault maps discovered:
D:1:      shiori_shiawase, layout_basic, kennysheep_decorative_pillar
D:2:      layout_basic, minmay_worlds_worst_comb
D:3:      layout_basic, mainiacjoe_overflow_brackets,
          shapermc_ecumenical_altar_mp_ritualfount, uniq_natasha, uniq_terence,
          uniq_robin
D:4:      layout_basic, slow_altar_1, minmay_temple_entry_from_below_a,
          serial_undead, serial_undead_c, serial_undead_d, serial_undead_f,
          serial_undead_c, minmay_misc_feat_nine_boxes
D:5:      layout_loops_ring, minmay_bent, uniq_edmund, uniq_crazy_yiuf_cottage,
          uniq_sigmund, uniq_menkaure, uniq_pikel

Skill      XL: |  1  2  3  4  5  6  7 |
---------------+----------------------+-----
Dodging        | 3 4 5 |  5.0
Fighting       | 1 2 |  2.7
Spellcasting   | 4 5 |  5.5
Earth Magic    | 4 5 |  5.2
Shields        | 1 2 |  2.3
Conjurations   | 1 2 |  2.9
Stealth        | |  2.4
Transmutations | |  1.1

Action                   |  1- 3 |  4- 6 |  7- 9 || total
-------------------------+-------+-------+-------++-------
Melee: Dagger            |    33 |   118 |    42 ||   193
 Cast: Sandblast         |    33 |    81 |    12 ||   126
       Stone Arrow       |       |     2 |     5 ||     7
 Stab: Sleeping          |     8 |     3 |     1 ||    12
       Distracted        |       |     1 |       ||     1
Armor: Robe              |     3 |     2 |       ||     5
       Animal skin       |       |    51 |    25 ||    76
Dodge: Dodged            |    23 |   101 |    58 ||   182
Block: Buckler           |     2 |    22 |    11 ||    35

Table legend: (Time is in decaauts)
 A = Elapsed time spent in this place.
 B = Non-inter-level travel time spent in this place.
 C = Inter-level travel time spent in this place.
 D = Time resting spent in this place.
 E = Time spent auto-exploring this place.
 F = Levels seen in this place.
 G = Mean time per level.
                   A        B        C        D        E       F      G
               +--------+--------+--------+--------+--------+-----+--------+
         Total |   4313 |   4223 |     90 |    646 |   2528 |   5 |  862.6 |
       Dungeon |   4313 |   4223 |     90 |    646 |   2528 |   5 |  862.6 |
               +--------+--------+--------+--------+--------+-----+--------+

Top non-repeatable levels by time:
     D:3: 1156 daAuts
     D:4: 1133 daAuts
     D:2: 1116 daAuts
     D:1: 823 daAuts
     D:5: 84 daAuts
